 Dungeon Crawl Stone Soup version 0.24.0-1-gfbc8707122 (webtiles) character file.

Game seed: 8416156855647755240, levelgen mode: deterministic

86 Gynju the Magician (level 4, 0/24 HPs)
             Began as a Deep Elf Fire Elementalist on Oct 27, 2019.
             Slain by an orc
             ... wielding a +0 trident
              (3 damage)
             ... while paralysed by Grinder
             ... on level 3 of the Dungeon.
             The game lasted 00:04:27 (2760 turns).

Gynju the Magician (Deep Elf Fire Elementalist)     Turns: 2760, Time: 00:04:28

Health: 0/24       AC:  4    Str:  5    XL:     4   Next: 26%
Magic:  6/12       EV:  2    Int: 21    God:
Gold:   49         SH:  0    Dex: 15    Spells: 3/11 levels left

rFire    . . .     SeeInvis .   p - +0 short sword
rCold    . . .     Gourm    .   (no shield)
rNeg     . . .     Faith    .   a - +0 robe
rPois    .         Spirit   .   o - +0 helmet
rElec    .         Reflect  .   n - +0 cloak
rCorr    .         Harm     .   (no gloves)
MR       .....                  (no boots)
Stlth    ++........             (no amulet)
HPRegen  0.08/turn              (no ring)
MPRegen  0.13/turn              (no ring)

@: paralysed, very slightly contaminated
A: no striking features
a: no special abilities


You were on level 3 of the Dungeon.
You were not hungry.

You visited 1 branch of the dungeon, and saw 3 of its levels.

You collected 49 gold pieces.

Inventory:

Hand Weapons
 p - a +0 short sword (weapon)
Missiles
 d - 149 stones (quivered)
 k - 14 poisoned darts
Armour
 a - a +0 robe (worn)
 n - a +0 cloak (worn)
 o - a +0 helmet (worn)
Jewellery
 j - an uncursed amulet of faith {unknown}
Scrolls
 b - a scroll of remove curse {unknown}
 e - a scroll of immolation {unknown}
 f - 3 scrolls of noise {unknown}
 g - 2 scrolls of blinking {unknown}
 h - 7 scrolls of identify {unknown}
 i - 3 scrolls of enchant armour {unknown}
 l - a scroll of enchant weapon {unknown}
Comestibles
 c - 8 rations


   Skills:
 + Level 3.4 Dodging
 - Level 2.4 Stealth
 + Level 4.0 Spellcasting
 + Level 2.3 Conjurations
 + Level 4.0 Fire Magic


You had 3 spell levels left.
You knew the following spells:

 Your Spells              Type           Power        Failure   Level  Hunger
a - Flame Tongue          Conj/Fire      ###..        3%          1    None
b - Conjure Flame         Conj/Fire      ###.....     10%         3    ###....
c - Sticky Flame          Conj/Fire      ###.....     32%         4    ####...

Your spell library contained the following spells:

 Spells                   Type           Power        Failure   Level  Hunger
 Throw Flame              Conj/Fire      ###...       4%          2    #......
 Inner Flame              Hex/Fire       ##......     16%         3    ###....
 Fireball                 Conj/Fire      ###.......   65%         5    ######.


Dungeon Overview and Level Annotations

Branches:
Dungeon (3/15)

Altars:
Hepliaklqana
Ru
Xom
Yredelemnul
Zin

Annotations:
D:3 Grinder


Message History

Press: ? - help, Shift-Dir - straight line, f/p - Grinder
Aim: Grinder (moderately wounded)
The flame tongue hits Grinder.
Grinder is heavily wounded.
Grinder hits you but does no damage. The orc misses you.
Casting: Flame Tongue (safe; 3% risk of failure)
Confirm with . or Enter, or press ? or * to list all spells.
Aiming: Flame Tongue (safe; 3% risk of failure)
Press: ? - help, Shift-Dir - straight line, f/p - Grinder
Aim: Grinder (heavily wounded)
You miscast Flame Tongue.
You are very lightly contaminated with residual magic.
The air around you burns with energy! Grinder gestures at you.
You suddenly lose the ability to move!
The orc hits you but does no damage. Grinder gestures at you.
Pain shoots through your body!
* * * LOW HITPOINT WARNING * * *
The orc hits you from afar with a +0 trident.
You die...

################.##
# #...# # #.#.# #
#...# # ##..# #
#..# # ###..#### #
#...(...# #...@##.#
#...5(# # ###o#.#
#.#.# #.#.# #.#.#
#.#.# #.#.# #.#.#


You could see Grinder and an orc.

Vanquished Creatures
  Robin (D:2)
  An adder (D:2)
  An ooze (D:2)
  A worm (D:2)
  3 dart slugs
  An orc (D:3)
  9 bats
  3 giant cockroaches
  14 goblins
  6 hobgoblins
  A frilled lizard (D:1)
  3 kobolds
  4 rats
48 creatures vanquished.

Notes
Turn   | Place    | Note
-------+----------+-------------------------------------------
     0 | D:1      | Gynju the Deep Elf Fire Elementalist began the quest for
                  | the Orb.
     0 | D:1      | Reached XP level 1. HP: 10/10 MP: 6/6
   316 | D:1      | Reached XP level 2. HP: 15/15 MP: 6/8
   911 | D:1      | You fall into a shaft and drop 1 floor!
   984 | D:2      | Reached XP level 3. HP: 2/19 MP: 1/10
  1472 | D:2      | Learned a level 3 spell: Conjure Flame
  1626 | D:2      | Noticed Robin
  2063 | D:2      | Found a glowing silver altar of Zin.
  2065 | D:2      | Noticed an angel
  2069 | D:2      | Found a shimmering altar of Xom.
  2168 | D:2      | Found a basalt altar of Yredelemnul.
  2179 | D:2      | Killed Robin
  2312 | D:2      | Reached XP level 4. HP: 24/24 MP: 8/12
  2318 | D:2      | Learned a level 4 spell: Sticky Flame
  2346 | D:2      | Found a hazy altar of Hepliaklqana.
  2428 | D:2      | Found a sacrificial altar of Ru.
  2683 | D:3      | Noticed Grinder
  2759 | D:3      | Paralysed by Grinder for 6 turns
  2760 | D:3      | Slain by an orc

Levels and vault maps discovered:
D:1:      grunt_arrival_crossed_arrows, layout_loops_corners
D:2:      layout_rooms, grunt_temple_overflow_order_and_chaos_1,
          marbit_many_paths, yredelemnul_altar_generic, first_ration,
          nicolae_ru_the_path_less_chosen, uniq_robin
D:3:      layout_loops_ring, cheibriados_altar_1, kennysheep_generic_room_7,
          uniq_grinder, uniq_sigmund

Skill      XL: |  1  2  3 |
---------------+----------+-----
Dodging        | 3 |  3.4
Conjurations   | 2 |  2.3
Spellcasting   | 4 |  4.0
Fire Magic     | 4 |  4.0
Stealth        | |  2.4

Action                   |  1- 3 |  4- 6 || total
-------------------------+-------+-------++-------
Melee: Unarmed           |     6 |       ||     6
Throw: Stone             |       |     1 ||     1
 Cast: Flame Tongue      |    76 |    18 ||    94
       Conjure Flame     |     1 |       ||     1
  Eat: Chunk             |     1 |     1 ||     2
       Ration            |     1 |       ||     1
Armor: Robe              |    10 |     6 ||    16
Dodge: Dodged            |    46 |     9 ||    55
